 Dungeon Crawl Stone Soup version 0.29.1-15-g9cfb28693d (webtiles) character file.

Game seed: 13430863723579508414

99 StoopidFlanders the Gusty (level 4, -1/38 HPs)
             Began as a Gnoll Wanderer on Apr 2, 2023.
             Shot with a sling bullet by a hobgoblin (4 damage)
             ... on level 3 of the Dungeon.
             The game lasted 00:07:52 (3837 turns).

StoopidFlanders the Gusty (Gnoll Wanderer)          Turns: 3837, Time: 00:07:53

Health: -1/38      AC:  3    Str: 14    XL:     4   Next: 72%
Magic:  8/8        EV: 11    Int: 12    God:
Gold:   85         SH:  0    Dex: 10    Spells: 7/9 levels left

rFire   . . .      SeeInvis .   v - +0 dagger (freeze)
rCold   . . .      Faith    .   (no shield)
rNeg    . . .      Spirit   .   c - +0 leather armour
rPois   .          Reflect  .   (no helmet)
rElec   .          Harm     .   (no cloak)
rCorr   .          Rampage  .   (no gloves)
Will    .....                   (no boots)
Stlth   ++........              (no amulet)
HPRegen 0.12/turn               (no ring)
MPRegen 0.11/turn               (no ring)

@: no status effects
A: fangs 1, strong nose, distributed training
a: no special abilities


You were on level 3 of the Dungeon.
You visited 1 branch of the dungeon, and saw 3 of its levels.

You collected 150 gold pieces.
You spent 65 gold pieces at shops.

Inventory:

Hand Weapons
 v - a +0 dagger of freezing (weapon)
Missiles
 q - 5 boomerangs (quivered)
Armour
 c - a +0 leather armour (worn)
Jewellery
 r - a ring of ice
Scrolls
 f - 4 scrolls of magic mapping {unknown}
 h - a scroll of silence {unknown}
 j - a scroll of noise {unknown}
 l - a scroll of butterflies {unknown}
 n - a scroll of immolation {unknown}
 p - a scroll of teleportation {unknown}
 s - a scroll of brand weapon {unknown}
 t - a scroll of blinking {unknown}
 u - a scroll of enchant weapon {unknown}
Potions
 d - 2 potions of lignification
 e - a potion of degeneration {unknown}
 g - a potion of haste {unknown}
 i - a potion of attraction
 k - 2 potions of heal wounds
 m - a potion of mutation {unknown}
 o - a potion of brilliance {unknown}


   Skills:
 + Level 4.7 Fighting
 + Level 1.2 Short Blades
 + Level 1.2 Long Blades
 + Level 1.2 Axes
 + Level 1.2 Maces & Flails
 + Level 1.2 Polearms
 + Level 1.2 Staves
 + Level 1.2 Ranged Weapons
 + Level 1.2 Throwing
 + Level 1.2 Armour
 + Level 1.2 Dodging
 + Level 2.6 Stealth
 + Level 1.2 Shields
 + Level 1.2 Unarmed Combat
 + Level 3.0 Spellcasting
 + Level 1.0 Conjurations
 + Level 1.0 Hexes
 + Level 1.0 Summonings
 + Level 1.0 Necromancy
 + Level 3.9 Translocations
 + Level 1.0 Transmutations
 + Level 1.0 Fire Magic
 + Level 1.0 Ice Magic
 + Level 5.5 Air Magic
 + Level 1.0 Earth Magic
 + Level 1.0 Poison Magic
 + Level 2.9 Invocations
 + Level 1.2 Evocations


You had 7 spell levels left.
You knew the following spells:

 Your Spells              Type           Power      Damage    Failure   Level
a - Apportation           Tloc           22%        N/A       6%          1
b - Shock                 Conj/Air       36%        1d5       8%          1

Your spell library contained the following spells:

 Spells                   Type           Power      Damage    Failure   Level
 Blink                    Tloc           22%        N/A       9%          2
 Swiftness                Air            15%        N/A       10%         3
 Gell's Gravitas          Tloc           11%        N/A       19%         3
 Lesser Beckoning         Tloc           11%        N/A       19%         3
 Airstrike                Air            7%         2d(2-18)  30%         4
 Summon Lightning Spire   Summ/Air       9%         N/A       61%         4
 Manifold Assault         Tloc           11%        N/A       86%         5
 Lightning Bolt           Conj/Air       4%         1d16      91%         5
 Summon Forest            Summ/Tloc      3%         N/A       96%         5
 Eringya's Noxious Bog    Tmut/Pois      2%         N/A       100%        6
 Summon Hydra             Summ           2%         N/A       100%        7


Dungeon Overview and Level Annotations

Branches:
Dungeon (3/15)

Altars:
Wu Jian

Shops:
D:2 !


Innate Abilities, Weirdness & Mutations

You have very sharp teeth.
Your uncanny sense of smell can sniff out nearby items.
Your experience applies equally to all skills.


Message History

The goblin is moderately wounded.
The goblin barely misses you.
You hit the goblin. You freeze the goblin.
You kill the goblin!
No target in view!
There is an open door here.
You open the door.
There is an open door here.
A hobgoblin comes into view. It is wielding a +0 sling.
A hobgoblin is nearby!
A hobgoblin is nearby!
A hobgoblin is nearby!
The hobgoblin shoots a sling bullet.
The sling bullet misses you.
You hear a shout! 2 goblins come into view.
The goblin shouts!
The goblin shoots a sling bullet.
The sling bullet hits you.
A goblin comes into view. It is wielding a +0 club.
The goblin shoots a sling bullet.
The sling bullet barely misses you.
The hobgoblin shoots a sling bullet.
The sling bullet hits you.
The hobgoblin shoots a sling bullet.
The sling bullet hits you!
The goblin shoots a sling bullet.
The sling bullet hits you.
The hobgoblin shoots a sling bullet.
The sling bullet hits you.
You are too injured to fight recklessly!
You are too injured to fight recklessly!
You are too injured to fight recklessly!
As you read the scroll of fear, it crumbles to dust.
You assume a fearsome visage.
The hobgoblin looks frightened!
The goblin looks frightened! x3; A goblin opens the door.
A hobgoblin comes into view. It is wielding a +0 club.
The goblin gives up.
The hobgoblin hums to itself desperately, trying to keep calm.
Cornered, the hobgoblin turns to fight!
The hobgoblin moves out of view.
The hobgoblin shoots a sling bullet.
The sling bullet hits you.
* * * LOW HITPOINT WARNING * * *
The hobgoblin shoots a sling bullet.
The sling bullet barely misses you.
The hobgoblin shoots a sling bullet.
The sling bullet hits you!
* * * LOW HITPOINT WARNING * * *
The hobgoblin shoots a sling bullet.
The sling bullet hits you.
You die...

.................................
......[..........................
~.~~~~~.~~~.~~~~~..~~~†.~~~~...~.
~~~~~~≈~~~~~≈~~~~~~~~~~~~~~~~~~~.
≈~~~≈≈~~≈≈≈~≈≈~≈≈≈≈≈≈≈≈≈≈≈≈≈~≈~~.
≈≈≈≈#####≈≈≈≈≈≈≈≈≈≈≈≈≈≈≈≈≈≈≈≈~~~.
≈≈≈≈#∆∆∆#########################
≈≈≈≈#∆∆∆#g.............#.......#.
≈≈≈≈#∆∆∆#.......@......'.).....#.
#..............#########.
#......########..........#..
#......# #..........'..
#......########..........#..
#g##..............#########. #..
#..............'.......#. #g
#g.............#.......#.
#####################


You could see a hobgoblin.

Vanquished Creatures
  2 adders (D:2)
  A worm (D:3)
  6 orcs (D:3)
  6 bats
  6 endoplasms
  4 giant cockroaches
  9 goblins
  6 hobgoblins
  11 ball pythons
  6 frilled lizards
  4 kobolds
  7 rats
68 creatures vanquished.

Notes
Turn   | Place    | Note
-------+----------+-------------------------------------------
     0 | D:1      | StoopidFlanders the Gnoll Wanderer began the quest for the
                  | Orb.
     0 | D:1      | StoopidFlanders set off with the following items: a +0
                  | club, a scroll of fear, a +0 leather armour, a potion of
                  | lignification; and the following spells available to
                  | memorise: Apportation, Shock, Swiftness, Gell's Gravitas,
                  | Airstrike.
     0 | D:1      | Reached XP level 1. HP: 20/20 MP: 4/4
     2 | D:1      | Learned a level 1 spell: Apportation
     4 | D:1      | Learned a level 1 spell: Shock
   189 | D:1      | Reached XP level 2. HP: 26/26 MP: 5/5
  1081 | D:2      | Reached XP level 3. HP: 31/31 MP: 7/7
  1346 | D:2      | Found Kaicuudij's Distillery.
  1353 | D:2      | Bought a potion of heal wounds for 65 gold pieces
  1623 | D:2      | Reached skill level 1 in Short Blades
  1623 | D:2      | Reached skill level 1 in Long Blades
  1623 | D:2      | Reached skill level 1 in Axes
  1623 | D:2      | Reached skill level 1 in Maces & Flails
  1623 | D:2      | Reached skill level 1 in Polearms
  1623 | D:2      | Reached skill level 1 in Staves
  1623 | D:2      | Reached skill level 1 in Ranged Weapons
  1623 | D:2      | Reached skill level 1 in Throwing
  1623 | D:2      | Reached skill level 1 in Armour
  1623 | D:2      | Reached skill level 1 in Dodging
  1623 | D:2      | Reached skill level 1 in Shields
  1623 | D:2      | Reached skill level 1 in Unarmed Combat
  1623 | D:2      | Reached skill level 1 in Evocations
  1835 | D:2      | Found a faded altar of an unknown god.
  1896 | D:2      | Reached XP level 4. HP: 36/38 MP: 8/8
  2594 | D:3      | Found an ornate altar of the Wu Jian Council.
  2954 | D:3      | Reached skill level 1 in Conjurations
  2954 | D:3      | Reached skill level 1 in Hexes
  2954 | D:3      | Reached skill level 1 in Summonings
  2954 | D:3      | Reached skill level 1 in Necromancy
  2954 | D:3      | Reached skill level 1 in Transmutations
  2954 | D:3      | Reached skill level 1 in Fire Magic
  2954 | D:3      | Reached skill level 1 in Ice Magic
  2954 | D:3      | Reached skill level 1 in Earth Magic
  2954 | D:3      | Reached skill level 1 in Poison Magic
  3837 | D:3      | Shot with a sling bullet by a hobgoblin

Illustrated notes

Levels and vault maps discovered:
D:1:      dpeg_arrival_rhombi, layout_rooms, hex_tiny
D:2:      minmay_angry_zag, layout_loops_ring, serial_shops, shop,
          shapermc_ecumenical_altar_totnotflames, supply_closet_lemuel
D:3:      minmay_goblin_kobold_castle, layout_basic,
          mainiacjoe_overflow_alcove_2

Skill      XL: |  1  2  3  4 |
---------------+-------------+-----
Short Blades   | 1 |  1.2
Long Blades    | 1 |  1.2
Axes           | 1 |  1.2
Maces & Flails | 1 |  1.2
Polearms       | 1 |  1.2
Staves         | 1 |  1.2
Ranged Weapons | 1 |  1.2
Throwing       | 1 |  1.2
Armour         | 1 |  1.2
Dodging        | 1 |  1.2
Shields        | 1 |  1.2
Unarmed Combat | 1 |  1.2
Evocations     | 1 |  1.2
Spellcasting   | 3 |  3.0
Conjurations   | 1 |  1.0
Hexes          | 1 |  1.0
Summonings     | 1 |  1.0
Necromancy     | 1 |  1.0
Transmutations | 1 |  1.0
Fire Magic     | 1 |  1.0
Ice Magic      | 1 |  1.0
Earth Magic    | 1 |  1.0
Poison Magic   | 1 |  1.0
Fighting       | |  4.7
Stealth        | |  2.6
Translocations | |  3.9
Air Magic      | |  5.5
Invocations    | |  2.9

Action                   |  1- 3 |  4- 6 || total
-------------------------+-------+-------++-------
Melee: Club              |   116 |    37 ||   153
       Bite              |    14 |     5 ||    19
       Dagger            |       |     4 ||     4
       Punch             |       |     1 ||     1
Throw: Boomerang         |       |     6 ||     6
 Cast: Shock             |    32 |    50 ||    82
  Use: Scroll            |       |     1 ||     1
       Potion            |       |     1 ||     1
 Stab: Sleeping          |     5 |       ||     5
Armor: Leather armour    |    58 |    17 ||    75
Dodge: Dodged            |    95 |    44 ||   139
